 Dungeon Crawl Stone Soup version 0.31-a0-496-g6f97920a28 (webtiles) character file.

Game seed: 15181864040304843423

133 AstroCodex24 the Shield-Bearer (level 4, -4/35 HPs)
             Began as a Vampire Fighter on Aug 8, 2023.
             Splashed by a jelly's acid (7 damage)
             ... on level 5 of the Dungeon.
             The game lasted 00:05:05 (814 turns).

AstroCodex24 the Shield-Bearer (Vampire Fighter)     Turns: 814, Time: 00:05:06

Health: -4/35      AC: -1    Str: 17    XL:     4   Next: 94%
Magic:  4/4        EV:  9    Int: 10    God:
Gold:   116        SH:  4    Dex: 13    Spells: 3/3 levels left

rFire   . . .        e - +2 short sword (protect)
rCold   . . .        c - +0 buckler
rNeg    . . .        b - +0 scale mail
rPois   .            (no helmet)
rElec   .            (no cloak)
rCorr   .            (no gloves)
SInv    +            (no boots)
Will    .....        (no amulet) Stlth
                     (no ring)
HPRegen 0.45/turn    (no ring)
MPRegen 0.09/turn

%: no passive effects
@: corroded, healing quickly, hasted, very quick
A: alive, fangs 3, see invisible, vampiric 2
a: Exsanguinate


You were on level 5 of the Dungeon.
You visited 1 branch of the dungeon, and saw 6 of its levels.

You collected 116 gold pieces.

Inventory:

Hand Weapons
 a - a +0 war axe
 e - a +2 short sword of protection (weapon)
Armour
 b - a +0 scale mail (worn)
 c - a +0 buckler (worn)
 g - a +0 cloak
Talismans
 h - a flux talisman
Scrolls
 f - 2 scrolls of poison {unknown}
 i - a scroll of enchant weapon {unknown}
 k - a scroll of teleportation {unknown}
Potions
 d - 2 potions of might


   Skills:
 + Level 3.1 Fighting
 + Level 2.8 Short Blades
 + Level 1.9 Axes
 + Level 3.1 Armour
 + Level 0.8 Dodging
 + Level 3.2 Shields


You had 3 spell levels left.
You didn't know any spells.
Your spell library was empty.

Dungeon Overview and Level Annotations

Branches:
Dungeon (6/15)
 Temple: D:4-7

Altars:

Annotations:
D:4 Robin


Innate Abilities, Weirdness & Mutations

Your natural rate of healing is accelerated.
You have razor-sharp teeth.
You have supernaturally acute eyesight. (SInv)
You are afflicted with vampirism and can become a bat while bloodless.


Message History

The goblin hits you but does no damage. The jelly closely misses you.
Robin throws the goblin at you!
You climb downwards.
You hear the sound of rushing water.
There is an entrance to a sewer on this level.
Hurry and find it before the portal rusts away!
Found a green potion and a golden potion.
There is a stone staircase leading up here.
You hit the jelly.
Your weapon exudes an aura of protection.
The acid corrodes you!
Your hands burn!
The jelly is lightly wounded.
You block the iguana's attack.
You hit the jelly. The acid corrodes you!
Your hands burn!
The jelly is moderately wounded.
The goblin closely misses you. The jelly hits you.
You are splashed with acid!
The iguana bites you but does no damage.
You hit the jelly but do no damage.
Your hands burn!
You bite the jelly, but do no damage.
The jelly is moderately wounded.
The goblin hits you with a +0 dagger.
* * * LOW HITPOINT WARNING * * *
The jelly hits you but does no damage. The iguana completely misses you.
The iguana attacks as you move away! The iguana bites you!
* * * LOW HITPOINT WARNING * * *
The jelly barely misses you. The iguana attacks as you move away!
The iguana bites you.
* * * LOW HITPOINT WARNING * * *
The goblin attacks as you move away! The goblin misses you.
The jelly attacks as you move away! The jelly barely misses you.
It was a potion of haste.
You feel yourself speed up. The goblin hits you but does no damage.
The jelly closely misses you.
The iguana bites you but does no damage.
You feel as though your hastened speed will last longer.
You block the goblin's attack. The jelly completely misses you.
An iguana comes into view.
The iguana hisses angrily.
The jelly hits you.
* * * LOW HITPOINT WARNING * * *
You are splashed with acid!
You die...

### #.## ######
#..###....#
#......<..#
#####.gl...........
#.....J.#.#.#######
.l..###@..!..... ##
#.#..##.##.#
#...###.# # #!..#
#.. #.#.# ##..
..#.. .. ..##.# ...
... .# #.## ...


You could see an iguana, a jelly and a goblin.

Vanquished Creatures
  A howler monkey (D:4)
  An iguana (D:5)
  3 gnolls (D:3)
  A shadow imp (D:5)
  2 worms (D:3)
  An orc (D:3)
  2 endoplasms
  A giant cockroach (D:1)
  5 goblins (D:1)
  5 kobolds
  3 quokkas
  A ball python (D:4)
  4 rats (D:3)
30 creatures vanquished.

Notes
Turn   | Place    | Note
-------+----------+-------------------------------------------
     0 | D:1      | AstroCodex24 the Vampire Fighter began the quest for the
                  | Orb.
     0 | D:1      | Reached XP level 1. HP: 17/17 MP: 1/1
   143 | D:1      | Reached XP level 2. HP: 23/23 MP: 2/2
   331 | D:3      | Reached skill level 1 in Short Blades
   367 | D:3      | Gained mutation: You are afflicted with vampirism and can
                  | become a bat while bloodless. [Vampire growth]
   367 | D:3      | Reached XP level 3. HP: 15/28 MP: 3/3
   591 | D:3      | You fall into a shaft and drop 1 floor!
   645 | D:4      | Reached XP level 4. HP: 33/35 MP: 4/4
   663 | D:5      | Entered Level 5 of the Dungeon
   671 | D:5      | Noticed a bullfrog
   674 | D:5      | Noticed a black bear
   783 | D:5      | Noticed a phantom
   792 | D:4      | Noticed Robin
   805 | D:5      | HP: 1/35 [iguana (3)]
   814 | D:5      | Splashed by a jelly's acid

Illustrated notes

Levels and vault maps discovered:
D:1:      scummos_arrival_star, layout_basic
D:2:      layout_rooms, hellmonk_ecumenical_altar_inner_sanctum, minivault_25
D:3:      layout_rooms
D:4:      layout_cave_pools, uniq_robin
D:5:      layout_rooms, vehumet_crystals, gup_sewer_entry_bubbles,
          minmay_checkerbox
D:6:      layout_rooms, minmay_temple_entry_poolview

Skill      XL: |  1  2  3 |
---------------+----------+-----
Shields        | 3 |  3.2
Short Blades   | 1 2 |  2.8
Fighting       | 3 |  3.1
Armour         | 3 |  3.1
Axes           | |  1.9
Dodging        | |  0.8

Action                     |  1- 3 |  4- 6 || total
---------------------------+-------+-------++-------
  Melee: Short sword       |    83 |    24 ||   107
         War axe           |     7 |       ||     7
         Bite              |    10 |     6 ||    16
Ability: Begin Untransform |     1 |       ||     1
    Use: Potion            |       |     2 ||     2
 Armour: Scale mail        |    44 |    19 ||    63
  Dodge: Dodged            |    48 |    16 ||    64
  Block: Buckler           |    28 |     5 ||    33
   Form: Flux              |     1 |       ||     1

Table legend: (Time is in decaauts)
 A = Elapsed time spent in this place.
 B = Non-inter-level travel time spent in this place.
 C = Inter-level travel time spent in this place.
 D = Time resting spent in this place.
 E = Time spent auto-exploring this place.
 F = Levels seen in this place.
 G = Mean time per level.
                   A        B        C        D        E       F      G
               +--------+--------+--------+--------+--------+-----+--------+
         Total |    810 |    774 |     36 |      0 |      0 |   6 |  135.0 |
       Dungeon |    810 |    774 |     36 |      0 |      0 |   6 |  135.0 |
               +--------+--------+--------+--------+--------+-----+--------+

Top non-repeatable levels by time:
     D:1: 317 daAuts
     D:3: 267 daAuts
     D:5: 132 daAuts
     D:4: 82 daAuts
     D:2: 9 daAuts
     D:6: 1 daAuts
